 Dungeon Crawl Stone Soup version 0.28.0 (webtiles) character file.

Game seed: 4890787129215541141

2815 dolemite99 the Slicer (level 9, -1/57 (63) HPs)
             Began as a Demonspawn Fighter on Feb 15, 2022.
             Was an Initiate of Gozag.
             Slain by a wight (14 damage)
             ... on level 6 of the Dungeon.
             The game lasted 00:08:12 (6386 turns).

dolemite99 the Slicer (Demonspawn Fighter)          Turns: 6386, Time: 00:08:13

HP:   -1/57 (63)    AC: 11    Str: 20    XL:     9   Next: 44%
MP:   15/15         EV:  8    Int: 10    God:    Gozag
Gold: 505           SH: 11    Dex: 13    Spells: 16/16 levels left

rFire   . . .      SeeInvis .   a - +2 dagger (elec)
rCold   . . .      Faith    .   n - +2 kite shield
rNeg    . . .      Spirit   .   f - +0 scale mail
rPois   .          Reflect  .   A - +2 hat
rElec   .          Harm     .   (no cloak)
rCorr   .          Rampage  .   v - +0 pair of gloves
Will    .....                   (boots unavailable)
Stlth   ..........              (no amulet)
HPRegen 0.19/turn               (no ring)
MPRegen 0.14/turn               (no ring)

@: mighty, drained
A: hooves 3, icy blue scales 1, powered by pain 1
a: Renounce Religion, Potion Petition, Call Merchant, Bribe Branch


You were on level 6 of the Dungeon.
You worshipped Gozag.
Gozag was pleased with you.
You visited 2 branches of the dungeon, and saw 8 of its levels.

You collected 551 gold pieces.
You paid 46 gold pieces to Gozag.

Inventory:

Hand Weapons
 a - a +2 dagger of electrocution (weapon)
 b - a +0 dagger of electrocution
 g - a +1 whip of venom
 h - a +0 war axe
 k - a +0 dagger of venom
 x - the +5 rapier "Roxtehoc" {flame, Contam Str+5 Int+3}
   (You found it on level 5 of the Dungeon)

   It burns those it strikes, dealing additional fire damage.
   Str:       It affects your strength (+5).
   Int:       It affects your intelligence (+3).
   Contam:    It causes magical contamination when unequipped.
Missiles
 l - 133 arrows
 m - 129 stones
 o - 24 bolts
 q - 47 sling bullets
 z - 2 throwing nets
Armour
 c - a +0 buckler
 f - a +0 scale mail (worn)
 n - a +2 kite shield (worn)
 r - a +0 pair of boots
 v - a +0 pair of gloves (worn)
 A - a +2 hat (worn)
Jewellery
 u - a ring of fire
Wands
 B - a wand of digging (4)
Scrolls
 d - 2 scrolls of silence
 e - a scroll of amnesia
 p - 3 scrolls of identify {@r1}
 y - 5 scrolls of teleportation {unknown}
Potions
 i - a potion of haste {unknown}
 j - 3 potions of brilliance
 s - a potion of flight {unknown}
 t - a potion of attraction {unknown}
 w - 2 potions of cancellation {unknown}
 C - a potion of curing


   Skills:
 - Level 3.0 Fighting
 - Level 9.4 Short Blades
 - Level 2.7 Axes
 - Level 2.6 Armour
 - Level 6.0 Shields
 + Level 4.4 Spellcasting


You had 16 spell levels left.
You didn't know any spells.
Your spell library contained the following spells:

 Spells                   Type           Power      Damage    Failure   Level
 Summon Small Mammal      Summ           8%         N/A       88%         1
 Summon Lightning Spire   Summ/Air       2%         N/A       100%        4
 Monstrous Menagerie      Summ           1%         N/A       100%        7
 Spellforged Servitor     Conj/Summ      1%         N/A       100%        7


Dungeon Overview and Level Annotations

Branches:
Dungeon (7/15)             Temple (1/1) D:4

Altars:
Ashenzari
Gozag
Hepliaklqana
Makhleb
Nemelex Xobeh
Sif Muna
Trog
Zin

Shops:
D:4 (

Annotations:
D:7 Joseph


Innate Abilities, Weirdness & Mutations

You have hooves in place of feet.
You are partially covered in icy blue scales. (AC +2)
You sometimes gain a little power by taking damage.


Message History

You barely miss the wight.
An orc warrior comes into view. It is wielding a +0 hand axe.
You block the wight's attack.
The orc warrior shouts!
You hit the wight but do no damage. You kick the wight.
The wight is moderately damaged.
The wight hits you with a +4 morningstar.
You feel drained.
You hit the wight but do no damage.
The wight is moderately damaged.
A wight comes into view.
It is wielding a +6 trident of freezing.
There is a stone staircase leading up here.
Joseph, a Mercenary comes into view.
He is wielding a +1 spectral quarterstaff.
The wight throws a stone.
The stone hits you but does no damage.
The wight hits you with a +4 morningstar.
You feel drained.
Joseph unwields a +1 spectral quarterstaff.
Joseph wields a +0 hunting sling.
Joseph shoots a sling bullet.
The sling bullet hits you.
There is a stone staircase leading up here.
The wight hits you with a +4 morningstar!
You feel drained.
You climb upwards.
There is a stone staircase leading down here.
You are too injured to fight recklessly!
You are too injured to fight recklessly!
You are too injured to fight recklessly!
You completely miss the wight. You kick the wight.
The wight is heavily damaged.
The wight hits you with a +4 morningstar!
* * * LOW HITPOINT WARNING * * *
You focus on the pain.
You feel very mighty all of a sudden.
You closely miss the wight.
The wight is heavily damaged.
You hit the wight.
The wight is severely damaged.
The wight hits you with a +4 morningstar!
You die...
Your body crumbles into a pile of gold.

#.#.####'#......##.#.###.
#.#.# #.#.####.##.#.##..
#.#.####.#....#.##.#.##..
#.#...##.#.##.#.##.#.##..
#.###.##.####.#.##.#.....
#.....##......#.##.###...
####..##..##....##.# #...
#......<#.#####.####..
#.#.z@................
#.#.#...#.##.#########
##.#.#.###.##.#
#....#...#....#
#######.####..#
#...#.####..#
#.#...#.....#
#.#####.###.# #.#.....#
#.# ###


You could see a wight.

Vanquished Creatures
  A two-headed ogre (D:5)
  Grinder (D:6)
  Sigmund (D:3)
  A steam dragon (D:6)
  Duvessa (D:6)
  3 black bears
  An ice beast (D:6)
  A hornet zombie (D:7)
  2 ogres
  2 phantoms (D:6)
  Blork the orc (D:4)
  2 scorpions (D:6)
  Dowan (D:6)
  2 howler monkeys
  A bullfrog zombie (D:5)
  A centaur skeleton (D:6)
  4 hounds
  2 jellies (D:6)
  2 orc priests (D:3)
  An iguana (D:6)
  An orc wizard (D:6)
  A hound skeleton (D:4)
  4 adders
  8 gnolls
  An ufetubus (D:5)
  An adder skeleton (D:4)
  2 worms
  2 dart slugs
  15 orcs
  3 endoplasms
  2 giant cockroaches (D:1)
  12 goblins
  4 hobgoblins
  4 jackals (D:1)
  8 kobolds
  A quokka (D:4)
  5 ball pythons
  5 bats
  6 frilled lizards
  8 rats
  A spectral goblin (D:2)
125 creatures vanquished.

Notes
Turn   | Place    | Note
-------+----------+-------------------------------------------
     0 | D:1      | dolemite99 the Demonspawn Fighter began the quest for the
                  | Orb.
     0 | D:1      | Reached XP level 1. HP: 18/18 MP: 1/1
    81 | D:1      | Gained mutation: You have large cloven feet. [demonic
                  | ancestry]
    81 | D:1      | Reached XP level 2. HP: 23/24 MP: 2/2
   604 | D:1      | Reached skill level 1 in Short Blades
   773 | D:1      | Gained mutation: You have hoof-like feet. [demonic
                  | ancestry]
   773 | D:1      | Reached XP level 3. HP: 20/29 MP: 3/3
  1332 | D:2      | Reached skill level 2 in Short Blades
  1391 | D:2      | Gained mutation: You sometimes gain a little power by
                  | taking damage. [demonic ancestry]
  1391 | D:2      | Reached XP level 4. HP: 26/35 MP: 4/4
  1607 | D:2      | Found a faded altar of an unknown god.
  1679 | D:2      | Reached skill level 3 in Short Blades
  2543 | D:3      | Got Sif Muna's Papyrus of Summoning
  2585 | D:3      | Gained mutation: You have hooves in place of feet. [demonic
                  | ancestry]
  2585 | D:3      | Reached XP level 5. HP: 41/41 MP: 5/5
  2594 | D:3      | Reached skill level 4 in Short Blades
  2770 | D:3      | Noticed Sigmund
  2780 | D:3      | Killed Sigmund
  2781 | D:3      | Reached skill level 5 in Short Blades
  2781 | D:3      | Reached XP level 6. HP: 29/47 MP: 6/6
  3852 | D:4      | Reached skill level 6 in Short Blades
  4010 | D:4      | Found a bloodstained altar of Trog.
  4056 | D:4      | Found Qyidd's Weapon Emporium.
  4279 | D:4      | Reached XP level 7. HP: 52/52 MP: 7/7
  4286 | D:4      | Noticed Blork the orc
  4290 | D:4      | Killed Blork the orc
  4320 | D:4      | Found a staircase to the Ecumenical Temple.
  4342 | Temple   | Entered the Ecumenical Temple
  4381 | Temple   | Became a worshipper of Gozag Ym Sagoz the Greedy
  4592 | D:5      | Entered Level 5 of the Dungeon
  4744 | D:5      | Noticed a two-headed ogre
  4759 | D:5      | Killed a two-headed ogre
  4760 | D:5      | Reached skill level 8 in Short Blades
  4760 | D:5      | Gained mutation: You are partially covered in icy blue
                  | scales. (AC +2) [demonic ancestry]
  4760 | D:5      | Reached XP level 8. HP: 58/58 MP: 8/8
  4789 | D:5      | Identified the +5 rapier "Roxtehoc" {flame, Contam Str+5
                  | Int+3}
  5074 | D:5      | Reached skill level 9 in Short Blades
  5557 | D:6      | Noticed Duvessa
  5572 | D:6      | Noticed Dowan
  5573 | D:6      | Killed Duvessa
  5585 | D:6      | Noticed Grinder
  5590 | D:6      | Reached skill level 5 in Shields
  5594 | D:6      | Killed Dowan
  5596 | D:6      | Paralysed by Grinder for 5 turns
  5605 | D:6      | Killed Grinder
  5606 | D:6      | Reached skill level 1 in Spellcasting
  5606 | D:6      | Reached XP level 9. HP: 44/63 MP: 9/11
  6381 | D:7      | Noticed Joseph
  6386 | D:6      | Slain by a wight

Illustrated notes

Levels and vault maps discovered:
D:1:      dpeg_arrival_simpleton_c, layout_loops_ring
D:2:      layout_loops_ring, dreamdust_ecumenical_altar_drowned_temple
D:3:      layout_loops_corners, minmay_ruptured, uniq_sigmund
D:4:      layout_loops_ring, lemuel_tele_altar, minmay_temple_entry_tees,
          serial_shops, nicolae_shop_bloodbath_and_beyond,
          kennysheep_small_square, uniq_blork_the_orc
D:5:      layout_basic
D:6:      layout_basic, uniq_duvessa, uniq_grinder
D:7:      layout_basic, kennysheep_okawaru_gauntlet, minmay_ruined_shrine,
          uniq_joseph, uniq_pikel
Temple:   regret_index_temple_waves

Skill      XL: |  1  2  3  4  5  6  7  8  9 |
---------------+----------------------------+-----
Axes           | 2 |  2.7
Short Blades   | 1 2 3 5 6 8 9 |  9.4
Shields        | 5 6 |  6.0
Spellcasting   | 1 4 |  4.4
Fighting       | |  3.0
Armour         | |  2.6

Action                   |  1- 3 |  4- 6 |  7- 9 || total
-------------------------+-------+-------+-------++-------
Melee: War axe           |    27 |       |       ||    27
       Dagger            |    75 |   152 |   167 ||   394
       Whip              |     9 |       |       ||     9
       Kick              |    18 |    28 |    48 ||    94
Throw: Stone             |       |     7 |    11 ||    18
Evoke: Wand              |       |       |     7 ||     7
  Use: Scroll            |       |     7 |     1 ||     8
       Potion            |       |     3 |     3 ||     6
 Stab: Invisible         |       |     2 |       ||     2
Armor: Scale mail        |    49 |    46 |    44 ||   139
Dodge: Dodged            |    48 |    51 |    31 ||   130
Block: Buckler           |    34 |    52 |     5 ||    91
       Kite shield       |       |       |    50 ||    50
